 Dungeon Crawl Stone Soup version 0.21.1-1-g345015f (webtiles) character file.

12 sankara the Skirmisher (level 2, -3/32 HPs)
             Began as an Ogre Monk on Apr 20, 2018.
             Slain by a gnoll
             ... wielding a +0 flail
              (15 damage)
             ... on level 1 of the Dungeon.
             The game lasted 00:01:13 (160 turns).

sankara the Skirmisher (Ogre Monk)                   Turns: 160, Time: 00:01:14

Health: -3/32      AC:  3    Str: 14    XL:     2   Next: 33%
Magic:  2/2        EV: 10    Int: 11    God:
Gold:   0          SH:  0    Dex: 11    Spells: 1/1 levels left

rFire    . . .     SeeInvis .   a - +0 mace
rCold    . . .     Gourm    .   (no shield)
rNeg     + . .     Faith    .   b - +0 robe
rPois    .         Spirit   .   (helmet restricted)
rElec    .         Reflect  .   (no cloak)
rCorr    .         Harm     .   (gloves unavailable)
MR       .....                  (boots unavailable)
Stlth    ++........             (no amulet)
HPRegen  0.10/turn              e - ring of positive energy {rN+}
MPRegen  0.08/turn              (no ring)

@: no status effects
A: large, unfitting armour, tough skin 1
a: no special abilities


You were on level 1 of the Dungeon.
You were not hungry.

You visited 1 branch of the dungeon, and saw 1 of its levels.

Inventory:

Hand Weapons
 a - a +0 mace (weapon)
Armour
 b - a +0 robe (worn)
Jewellery
 e - a ring of positive energy (left hand) {rN+}
   (You found it on level 1 of the Dungeon)
Comestibles
 c - a ration
 d - 3 chunks of flesh {@w0}


   Skills:
 - Level 4.0 Fighting
 + Level 3.3 Maces & Flails
 - Level 2.6 Dodging
 - Level 1.4 Stealth


You had one spell level left.
You didn't know any spells.

Dungeon Overview and Level Annotations

Branches:
Dungeon (1/15)

Altars:


Innate Abilities, Weirdness & Mutations

You are too large for most types of armour.
You have tough skin. (AC +1)


Message History

You kill the hobgoblin!
Your Maces & Flails skill increases to level 3!
The jackal bites you but does no damage.
The jackal bites you.
You see here a club.
You hit the jackal.
The jackal is lightly wounded.
The jackal bites you but does no damage.
You sock the jackal!
You kill the jackal!
You see here a jackal corpse.
You butcher the jackal corpse.
d - 3 chunks of flesh {@w0} (gained 2)
You see here a club.
The jackal barks!
You hear a bark!
The jackal is too close now for your liking.
The jackal barks! x2
You hit the jackal.
The jackal is severely wounded.
You hear a shout!
The jackal closely misses you. The jackal barely misses you.
You barely miss the jackal.
The jackal is severely wounded.
The jackal bites you.
The jackal bites you but does no damage.
You thump the jackal!
You kill the jackal!
You have reached level 2!
The jackal bites you but does no damage.
You see here a club.
The jackal bites you.
You miss the jackal. You barely miss the jackal. The jackal bites you.
You closely miss the jackal.
The jackal bites you but does no damage. x2
You completely miss the jackal. The jackal closely misses you. x2
You hit the jackal but do no damage. The jackal misses you.
The jackal bites you but does no damage.
You closely miss the jackal.
The jackal bites you but does no damage.
You hit the jackal but do no damage. The jackal barely misses you.
The jackal bites you.
You hit the jackal.
The jackal is severely wounded.
The jackal closely misses you. The jackal barely misses you.
You closely miss the jackal.
The jackal is severely wounded.
The jackal bites you. x2
You hit the jackal.
You kill the jackal!
The jackal bites you.
You closely miss the jackal.
The jackal bites you but does no damage. x2
You hit the jackal.
The jackal is severely wounded.
The jackal bites you. x2
A goblin comes into view. It is wielding a club.
You closely miss the jackal.
The jackal is severely wounded.
The goblin shouts!
You hear an angry hiss.
You hear a shout!
The jackal barely misses you.
You hit the jackal but do no damage.
The jackal is severely wounded.
The jackal closely misses you. The jackal barely misses you.
A gnoll comes into view. It is wielding a flail.
You hit the jackal.
You kill the jackal!
The kobold throws a stone.
The stone closely misses you. The kobold closely misses you.
You see here a club.
The kobold throws a stone.
The stone hits you but does no damage.
A frilled lizard comes into view.
You see here a stone.
You closely miss the goblin. The goblin hits you with a club.
You closely miss the goblin. The goblin hits you with a club.
You hit the goblin but do no damage. The goblin hits you with a club.
You barely miss the goblin. The goblin hits you but does no damage.
You closely miss the goblin. The goblin hits you but does no damage.
You hit the goblin.
The goblin is moderately wounded.
The goblin barely misses you. The goblin hits you with a club.
You hit the goblin.
The goblin is heavily wounded.
The goblin hits you but does no damage.
You thump the goblin!
You kill the goblin!
The frilled lizard barely misses you.
The kobold throws a stone.
The stone hits you but does no damage.
The frilled lizard bites you but does no damage.
You hit the frilled lizard.
You kill the frilled lizard!
The gnoll hits you with a flail.
You hit the gnoll but do no damage. The gnoll barely misses you.
You hit the gnoll.
The gnoll is moderately wounded.
The gnoll closely misses you.
You sock the gnoll!
The gnoll is almost dead.
The gnoll hits you with a flail!
You die...

.# #.#.##.##.#.#.#####
#.. #.#.##.##.#.#.#####
# ..................# #
. .....(.......##### +
. ...#.##.####.#.#####
# #.
##'#.##............# #
#............#.########
.. ..............# .#
.....##@#.#.# .#
..###'####g#.#.# .#
......†...K..#.# .#
..##..#..#.###.# #.
#..#.# #.. # #..#.# #.#
...... .# ......#
###..#.#


You could see a gnoll and a kobold.

Vanquished Creatures
  2 bats (D:1)
  A goblin (D:1)
  A hobgoblin (D:1)
  4 jackals (D:1)
  2 frilled lizards (D:1)
10 creatures vanquished.

Notes
Turn   | Place    | Note
-------+----------+-------------------------------------------
     0 | D:1      | sankara the Ogre Monk began the quest for the Orb.
     0 | D:1      | Reached XP level 1. HP: 24/24 MP: 1/1
   114 | D:1      | Reached skill level 3 in Maces & Flails
   127 | D:1      | Reached XP level 2. HP: 29/32 MP: 2/2
   160 | D:1      | Slain by a gnoll

Skill      XL: |  1 |
---------------+----+-----
Maces & Flails | 3 |  3.3
Fighting       | |  4.0
Dodging        | |  2.6
Stealth        | |  1.4

Action                   || total
-------------------------++-------
Melee: Mace              ||    43
Armor: Robe              ||    24
Dodge: Dodged            ||    26

Vault maps used:
D:1:      roderic_crop_circles_arrival_small, hangedman_decor_riveting

Table legend:
 A = Turns spent in this place as a percentage of turns spent in the entire game.
 B = Non-inter-level travel turns spent in this place as a percentage of non-inter-level travel turns spent in the entire game.
 C = Inter-level travel turns spent in this place as a percentage of turns spent in this place.
 D = Turns resting spent in this place as a percentage of non-inter-level travel turns spent in this place.
 E = Turns spent auto-exploring this place as a percentage of non-inter-level travel turns spent in this place.
 F = Non-inter-level travel turns spent in this place divided by the number of levels of this place that you've seen.
                   A       B       C       D       E      F
               +-------+-------+-------+-------+-------+----------------------
         Total | 100.0 | 100.0 |   0.0 |   5.0 |  35.6 | 160.0
       Dungeon | 100.0 | 100.0 |   0.0 |   5.0 |  35.6 | 160.0
               +-------+-------+-------+-------+-------+----------------------

Table legend:
 A = Kills in this place as a percentage of kills in entire the game.
 B = Kills by you in this place as a percentage of kills by you in the entire game.
 C = Kills by friends in this place as a percentage of kills by friends in the entire game.
 D = Other kills in this place as a percentage of other kills in the entire game.
 E = Experience gained in this place as a percentage of experience gained in the entire game.
 F = Experience gained in this place divided by the number of levels of this place that you have seen.
                   A       B       C       D       E      F
               +-------+-------+-------+-------+-------+----------------------
         Total | 100.0 | 100.0 |   N/A |   N/A | 100.0 |  18.0
       Dungeon | 100.0 | 100.0 |   N/A |   N/A | 100.0 |  18.0
               +-------+-------+-------+-------+-------+----------------------
